Map: Acropolis LE

Players

Cuddlebear - Winner!

  • Race: Terran Terran
  • Spawn Location: 5:00

Creature

  • Race: Protoss Protoss
  • Spawn Location: 11:00

VOD

Have the link to the VOD?

Description

Time

  • Played on: Sept. 6, 2019, 1:16 p.m.
  • Length: 9:57
Show
View Real Time Build Order
Export as new Build Order

Cuddlebear Terran - Winner!

Build Orders: Gas First Reaper Expand 

Get SALT Encoding   

  12  0:00  SCV  
  13  0:12  SCV  
  14  0:17  Supply Depot  
  14  0:24  SCV  
  15  0:29  Refinery  
  15  0:38  SCV  
  16  0:45  Barracks  
  16  0:50  SCV  
  17  1:02  SCV  
  18  1:14  SCV  
  19  1:33  Orbital Command  
  19  1:34  Reaper  
  20  1:47  Command Center  
  20  1:58  SCV  
  21  2:02  Factory  
  21  2:08  Barracks Reactor  
  21  2:12  SCV  
  21  2:14  Supply Depot  
  22  2:24  SCV  
  22  2:25  Refinery  
  23  2:36  SCV  
  24  2:47  Starport  
  24  2:53  SCV  
  24  2:56  Starport  
  24  2:58  Hellion x2  
  29  3:01  Orbital Command  
  29  3:05  SCV  
  30  3:17  SCV  
  30  3:19  Hellion x2  
  36  3:27  SCV  
  36  3:29  SCV  
  37  3:37  Medivac  
  37  3:39  SCV  
  40  3:45  SCV  
  41  3:49  Supply Depot, Factory Tech Lab  
  41  3:50  Marine x2  
  41  3:51  Bunker  
  41  3:53  SCV  
  44  3:58  SCV  
  45  4:06  Barracks  
  45  4:09  Barracks  
  45  4:13  Siege Tank, Marine  
  45  4:14  Marine  
  50  4:30  Liberator  
  46  4:31  Marine x2  
  46  4:34  SCV  
  46  4:38  SCV  
  46  4:45  Cyclone  
  47  4:46  SCV  
  47  4:49  Marine x2  
  47  4:50  SCV  
  54  4:56  Barracks Tech Lab  
  54  4:58  Barracks Tech Lab, SCV  
  54  4:59  Starport  
  54  5:03  Engineering Bay  
  54  5:06  Supply Depot  
  54  5:16  Stimpack  
  54  5:25  Refinery  
  54  5:27  Supply Depot, Marine x4  
  54  5:28  SCV x2  
  60  5:29  Factory Reactor  
  60  5:39  Terran Infantry Weapons Level 1  
  60  5:40  SCV x2  
  62  5:48  Marine x3  
  65  5:51  Supply Depot  
  65  5:52  Supply Depot, Barracks x2  
  65  5:53  SCV, Marine  
  65  5:54  Starport Reactor  
  64  5:58  SCV  
  64  6:00  Refinery  
  64  6:01  Combat Shield  
  64  6:02  Supply Depot  
  65  6:06  Marine  
  65  6:07  Marauder, SCV  
  69  6:13  Supply Depot, Marauder  
  69  6:18  Missile Turret  
  71  6:19  SCV  
  71  6:21  SCV  
  73  6:28  Medivac x2, Missile Turret, Marine  
  73  6:30  Marauder  
  73  6:31  SCV  
  81  6:33  Marine  
  81  6:34  Supply Depot  
  81  6:37  Marauder  
  84  6:46  Marine  
  84  6:51  Barracks Reactor, SCV, Marine  
  84  6:53  SCV  
  83  6:56  Marauder, Marine  
  83  6:57  Concussive Shells  
  86  7:02  Medivac x2  
  90  7:09  Marine  
  90  7:12  Medivac  
  90  7:13  Marine  
  90  7:14  Command Center  
  90  7:15  Marine  
  95  7:16  Marine  
  95  7:17  SCV  
  95  7:22  Marine  
  96  7:24  SCV  
  96  7:29  SCV  
  96  7:31  Marauder  
  96  7:36  SCV  
  92  7:43  Marauder, Marine x2  
  86  7:44  Marine  
  86  7:45  Marauder  
  86  7:50  Marine  
  81  7:53  Marauder  
  81  7:54  Medivac  
  81  7:58  Terran Infantry Armor Level 1  
  85  8:01  Marine x2  
  85  8:02  Starport Reactor  
  85  8:04  Marine  
  85  8:05  Marauder  
  83  8:06  Marauder  
  83  8:08  Supply Depot  
  83  8:12  Medivac  
  87  8:14  Marauder  
  87  8:15  SCV x2  
  91  8:24  Marine x2  
  91  8:25  Viking  
  91  8:26  Marauder  
  97  8:27  Marine  
  97  8:28  Marauder  
  97  8:31  Orbital Command  
  100  8:34  Marine  
  100  8:35  SCV x2  
  100  8:39  Marauder  
  105  8:41  Marine  
  105  8:43  Supply Depot  
  105  8:45  Marine  
  105  8:46  Marine  
  105  8:48  Marauder  
  110  8:54  Marauder, Marine  
  110  8:55  Viking  
  115  8:59  Marine  
  116  9:04  Marine  
  116  9:05  Marauder  
  116  9:06  Marine  
  116  9:09  Marauder  
  122  9:12  Marine  
  122  9:16  Marauder  
  125  9:17  Marine  
  125  9:22  Marine  
  124  9:26  Marauder  
  124  9:31  Marauder, Marine  
  120  9:32  Marine  
  120  9:35  Marine  
Show
View Real Time Build Order
Export as new Build Order

Creature Protoss 

Build Orders: 1 Gate Expand, Phoenix Opening 

Get SALT Encoding   

  12  0:00  Probe  
  13  0:12  Probe  
  14  0:18  Pylon  
  14  0:24  Probe  
  15  0:32  Probe  
  15  0:37  Gateway  
  15  0:40  Probe  
  16  0:46  Assimilator  
  17  0:51  Probe  
  18  1:03  Probe  
  19  1:15  Probe  
  20  1:23  Nexus  
  20  1:34  Cybernetics Core  
  20  1:35  Probe  
  21  1:41  Assimilator  
  21  1:53  Pylon  
  22  1:54  Probe  
  18  2:01  Adept  
  22  2:07  Probe  
  25  2:19  Probe  
  25  2:21  Stargate  
  26  2:23  Warp Gate  
  26  2:30  Probe  
  26  2:31  Adept  
  29  2:37  Pylon  
  29  2:38  Probe  
  29  2:39  Probe  
  31  2:47  Probe x2  
  32  2:55  Probe  
  32  2:58  Probe  
  32  3:00  Phoenix  
  36  3:07  Probe  
  36  3:10  Probe  
  38  3:19  Phoenix, Probe  
  39  3:22  Probe  
  42  3:31  Probe  
  42  3:33  Robotics Facility  
  44  3:34  Probe  
  42  3:43  Probe  
  42  3:46  Probe  
  42  3:47  Gateway  
  44  3:49  Gateway  
  44  3:51  Phoenix  
  44  3:55  Probe  
  47  3:57  Pylon  
  47  3:58  Probe  
  48  4:06  Assimilator  
  48  4:07  Probe  
  49  4:10  Probe  
  49  4:12  Assimilator  
  50  4:17  Phoenix  
  50  4:19  Probe  
  46  4:24  Stalker  
  46  4:25  Probe  
  46  4:30  Probe  
  43  4:34  Probe  
  42  4:38  Probe  
  42  4:42  Probe  
  42  4:46  Probe  
  42  4:51  Probe  
  44  4:55  Phoenix  
  44  4:58  Probe  
  48  5:02  Probe  
  48  5:03  Pylon  
  49  5:10  Probe x2  
  50  5:18  Probe  
  50  5:19  Observer  
  50  5:20  Phoenix  
  54  5:22  Probe  
  56  5:29  Probe  
  56  5:30  Robotics Bay  
  56  5:34  Probe  
  58  5:37  Probe  
  58  5:41  Pylon  
  58  5:42  Observer  
  60  5:46  Probe  
  60  5:47  Probe  
  61  5:56  Phoenix  
  62  5:58  Forge, Probe  
  62  5:59  Probe  
  64  6:10  Observer, Probe  
  65  6:12  Nexus  
  65  6:17  Pylon  
  65  6:18  Probe  
  66  6:22  Probe  
  67  6:25  Phoenix  
  67  6:27  Colossus  
  69  6:33  Probe  
  69  6:35  Protoss Ground Weapons Level 1  
  76  6:42  Probe  
  77  6:51  Probe  
  78  6:56  Phoenix  
  78  6:57  Probe, Extended Thermal Lance  
  79  7:01  Sentry  
  79  7:04  Shield Battery  
  81  7:09  Stalker x2  
  85  7:23  Phoenix  
  85  7:28  Colossus  
  85  7:29  Zealot  
  89  7:38  Zealot x2  
  77  7:49  Probe  
  77  7:51  Probe x2, Phoenix, Zealot  
  69  7:57  Probe  
  74  8:00  Probe  
  74  8:01  Probe  
  77  8:06  Probe  
  77  8:11  Assimilator  
  78  8:13  Assimilator  
  78  8:16  Probe x2, Phoenix  
  77  8:21  Gateway, Zealot  
  77  8:22  Colossus, Twilight Council  
  77  8:23  Probe  
  77  8:24  Gateway  
  77  8:26  Probe  
  83  8:27  Probe  
  83  8:29  Gateway  
  83  8:31  Probe  
  85  8:39  Probe, Phoenix  
  88  8:45  Sentry, Stalker  
  88  8:46  Probe, Stalker  
  95  8:49  Shield Battery  
  97  8:55  Probe  
  97  8:56  Probe, Phoenix  
  98  9:05  Probe  
  98  9:07  Pylon  
  101  9:10  Pylon  
  101  9:17  Zealot  
  93  9:27  Probe  
  93  9:29  Phoenix  
  82  9:31  Probe  
  82  9:32  Probe  
  82  9:36  Pylon  
  82  9:38  Pylon  
  83  9:39  Probe  
  83  9:43  Probe  
  83  9:45  Robotics Bay  
  89  9:49  Zealot x3  
Tags
 
Add a new tag
Caveats
  • Supply blocks, unpowered buildings, or Contaminate may cause inaccurate times.
  • Supply counts are checked every 10 seconds.